Map: Kairos Junction LE

Players

IlIlIlIlIlIl - Winner!

  • Race: Protoss Protoss
  • League: Grandmaster
  • Spawn Location: 11:00

NORTHAMERICA

  • Race: Protoss Protoss
  • League: Grandmaster
  • Spawn Location: 5:00

VOD

Have the link to the VOD?

Description

Time

  • Played on: Jan. 3, 2019, 3:31 a.m.
  • Length: 8:07
Show
View Real Time Build Order
Export as new Build Order

IlIlIlIlIlIl Protoss - Winner!

Build Orders: Oracle Opening, Phoenix Opening, Zealot Archon 

Get SALT Encoding   

  12  0:00  Probe  
  13  0:13  Probe  
  14  0:18  Pylon  
  14  0:24  Probe  
  15  0:32  Probe  
  15  0:40  Probe, Gateway  
  16  0:45  Assimilator  
  17  0:51  Probe  
  17  0:54  Assimilator  
  18  1:00  Probe  
  19  1:07  Gateway  
  19  1:08  Probe  
  19  1:17  Probe  
  21  1:27  Cybernetics Core  
  21  1:30  Probe  
  22  1:36  Pylon  
  22  1:42  Probe  
  23  1:54  Probe  
  24  2:04  Pylon  
  24  2:05  Sentry, Stalker  
  24  2:06  Warp Gate  
  28  2:24  Stargate  
  28  2:38  Phoenix  
  28  2:39  Probe  
  29  2:49  Nexus  
  29  2:51  Probe  
  30  3:04  Probe  
  31  3:12  Oracle  
  33  3:16  Probe  
  34  3:24  Stalker  
  39  3:31  Probe  
  38  3:34  Pylon  
  38  3:42  Oracle  
  38  3:43  Probe  
  42  3:55  Probe  
  42  4:01  Probe  
  44  4:08  Probe, Stalker x2  
  49  4:13  Probe  
  49  4:16  Robotics Facility  
  50  4:20  Probe  
  51  4:24  Probe  
  51  4:27  Pylon  
  51  4:28  Probe  
  51  4:30  Stalker  
  51  4:31  Stalker  
  56  4:32  Probe  
  56  4:36  Probe  
  56  4:37  Assimilator  
  58  4:39  Assimilator  
  58  4:41  Probe  
  58  4:44  Pylon  
  60  4:46  Probe  
  61  4:53  Probe  
  61  4:58  Probe  
  63  5:06  Observer  
  63  5:08  Probe  
  65  5:14  Probe  
  65  5:18  Forge  
  65  5:19  Immortal  
  65  5:20  Twilight Council  
  66  5:26  Zealot  
  66  5:27  Gateway  
  66  5:28  Gateway  
  72  5:29  Protoss Ground Weapons Level 1, Zealot  
  72  5:35  Pylon  
  71  5:56  Charge  
  71  6:00  Immortal  
  71  6:01  Templar Archives  
  71  6:06  Gateway  
  71  6:07  Gateway  
  71  6:08  Gateway  
  75  6:11  Gateway  
  72  6:31  Zealot  
  72  6:32  Pylon, Zealot x3  
  80  6:39  Warp Prism, Pylon x2  
  82  6:52  Nexus  
  82  6:55  Pylon  
  82  7:02  Probe x2  
  84  7:12  High Templar x4  
  84  7:13  Zealot x2  
  96  7:16  Archon x2  
  96  7:17  Zealot x2  
  100  7:25  Pylon  
  100  7:42  High Templar  
  100  7:43  High Templar, Zealot x2  
  108  7:44  Zealot x3  
  108  7:46  Archon  
Show
View Real Time Build Order
Export as new Build Order

NORTHAMERICA Protoss 

Build Orders: Blink Stalkers 

Get SALT Encoding   

  12  0:01  Probe  
  13  0:13  Probe  
  14  0:17  Pylon  
  14  0:25  Probe  
  15  0:34  Probe  
  15  0:38  Gateway  
  15  0:42  Probe  
  16  0:48  Assimilator  
  17  0:51  Probe  
  17  0:56  Assimilator  
  18  0:59  Probe  
  19  1:08  Probe  
  19  1:09  Gateway  
  20  1:19  Probe  
  21  1:27  Cybernetics Core  
  21  1:31  Probe  
  22  1:39  Pylon  
  22  1:43  Probe  
  23  1:57  Probe  
  24  2:03  Stalker  
  24  2:04  Sentry, Warp Gate  
  28  2:13  Probe  
  29  2:16  Pylon  
  29  2:25  Twilight Council  
  29  2:33  Stalker  
  31  2:38  Stalker  
  33  3:09  Nexus  
  33  3:14  Blink  
  33  3:18  Probe  
  33  3:27  Probe  
  35  3:34  Robotics Facility  
  35  3:36  Probe  
  36  3:44  Pylon  
  36  3:45  Probe  
  36  3:53  Probe  
  38  4:03  Probe  
  38  4:07  Stalker x2  
  43  4:13  Probe  
  43  4:15  Pylon  
  44  4:21  Probe  
  44  4:23  Observer  
  45  4:26  Probe  
  47  4:34  Stalker  
  47  4:38  Probe  
  49  4:40  Stalker  
  49  4:44  Probe  
  53  4:49  Probe  
  50  4:56  Probe  
  52  5:00  Probe  
  52  5:03  Stalker  
  49  5:08  Stalker  
  49  5:09  Probe  
  50  5:17  Shield Battery  
  50  5:20  Immortal  
  54  5:27  Probe  
  55  5:30  Shield Battery, Assimilator  
  55  5:32  Probe  
  55  5:33  Assimilator  
  56  5:37  Sentry  
  56  5:39  Probe  
  59  5:43  Stalker  
  59  5:46  Probe  
  58  5:56  Probe x2  
  57  6:00  Robotics Bay  
  58  6:04  Probe  
  58  6:06  Probe  
  60  6:12  Probe  
  60  6:13  Robotics Facility  
  60  6:15  Probe  
  61  6:23  Probe  
  61  6:24  Probe  
  63  6:31  Gateway  
  64  6:33  Gateway  
  64  6:34  Probe  
  64  6:36  Probe  
  64  6:38  Pylon  
  66  6:44  Disruptor  
  67  6:49  Probe  
  70  6:54  Pylon  
  70  6:55  Disruptor  
  70  6:56  Probe  
  70  6:57  Pylon  
  70  6:58  Sentry  
  70  7:01  Probe  
  74  7:02  Pylon  
  77  7:20  Nexus  
  77  7:22  Pylon  
  77  7:23  Disruptor  
  77  7:25  Disruptor  
  77  7:28  Probe  
  84  7:40  Stalker  
  84  7:41  Stalker  
  87  7:57  Adept  
  87  7:58  Adept  
Tags
 
Add a new tag
Caveats
  • Supply blocks, unpowered buildings, or Contaminate may cause inaccurate times.
  • Supply counts are checked every 10 seconds.